 Dungeon Crawl Stone Soup version 0.32-a0-540-g866d13106e (webtiles) character file.

Game seed: 1303595483973036501

21298 jasper the Black Belt (level 12, -9/98 HPs)
             Began as a Merfolk Shapeshifter on Feb 28, 2024.
             Was a High Priest of Okawaru.
             Mangled by a death yak (11 damage)
             ... in an ice cave.
             The game lasted 00:17:59 (13457 turns).

jasper the Black Belt (Merfolk Shapeshifter)       Turns: 13457, Time: 00:17:59

Health: -9/98      AC: 11    Str: 20    XL:     12   Next: 88%
Magic:  18/18      EV: 15    Int:  9    God:    Okawaru [*****.]
Gold:   1881       SH:  6    Dex: 19    Spells: 11/11 levels left

rFire   + .          .
                       - Unarmed
rCold   + . .        U - +2 buckler
rNeg    . . .        n - +2 scale mail {rC+}
rPois   .            o - +0 helmet
rElec   .            E - +0 cloak
rCorr   .            (no gloves)
SInv    .            F - +0 pair of boots
Will    .....        j - amulet of faith Stlth
                     q - ring of protection from fire
HPRegen 0.36/turn    s - +6 ring of strength
MPRegen 0.16/turn

%: faith
@: studying 2 skills
A: (nimble swimmer 2), mertail
a: Renounce Religion, Heroism, Finesse, Duel


You were in an ice cave.
You worshipped Okawaru.
Okawaru was extremely pleased with you.
You visited 3 branches of the dungeon, and saw 14 of its levels.
You also visited: Bailey and Ice Cave.

You collected 1881 gold pieces.

Inventory:

Hand Weapons
 y - a +1 heavy dagger
Missiles
 i - 44 stones
 x - 18 poisoned darts
 B - 10 curare-tipped darts
 M - 5 javelins
 Q - 20 boomerangs (quivered)
 V - a throwing net
 W - 2 silver javelins
Armour
 a - a +0 animal skin
 b - a +2 scale mail of poison resistance
 f - the +5 scale mail of the Bull {rC+ Dex+3}
   (You found it on level 2 of the Dungeon)

   Dex+3:     It affects your dexterity (+3).
   rC+:       It protects you from cold.
 l - a +1 ring mail
 n - a +2 scale mail of cold resistance (worn)
 o - a +0 helmet (worn)
 z - the +1 robe of Apathy {rElec}
   (You found it on level 6 of the Dungeon)

   rElec:     It insulates you from electricity.
 E - a +0 cloak (worn)
 F - a +0 pair of boots (worn)
 K - the +6 scale mail "Beeta" {Int+6}
   (You found it on level 9 of the Dungeon)

   Int+6:     It affects your intelligence (+6).
 U - a +2 buckler (worn)
Jewellery
 j - an amulet of faith (around neck)
 q - a ring of protection from fire (left hand)
 s - a +6 ring of strength (right hand)
 G - a +6 ring of strength
 H - a ring of positive energy
Talismans
 c - a beast talisman
 d - a flux talisman
Wands
 C - a wand of polymorph (8)
 J - a wand of paralysis (7)
 P - a wand of iceblast (2)
Scrolls
 e - 6 scrolls of teleportation
 h - 2 scrolls of enchant armour
 u - 3 scrolls of vulnerability
 D - a scroll of immolation
 L - a scroll of brand weapon
 R - 2 scrolls of revelation
 T - a scroll of identify
Potions
 g - 3 potions of brilliance
 k - 5 potions of curing
 m - 4 potions of degeneration
 p - 3 potions of enlightenment
 r - 2 potions of haste {unknown}
 t - a potion of might {unknown}
 v - 3 potions of lignification
 w - a potion of mutation {unknown}
 A - 3 potions of attraction {unknown}
 I - 3 potions of berserk rage {unknown}
 O - a potion of cancellation {unknown}
 S - a potion of invisibility
 X - 2 potions of magic {unknown}


   Skills:
 - Level 10.5 Fighting
 - Level 5.3 Throwing
 - Level 10.4 Dodging
 + Level 16.0 Unarmed Combat
 - Level 8.1 Invocations
 - Level 4.0 Shapeshifting


You had 11 spell levels left.
You didn't know any spells.
Your spell library contained the following spells:

 Spells                   Type           Power      Damage    Failure   Level
 Foxfire                  Conj/Fire      0%         2x1d4     85%         1
 Freeze                   Ice            0%         1d3       85%         1
 Necrotise                Necr           0%         1d4       85%         1
 Frozen Ramparts          Ice            0%         1d1       99%         3
 Sigil of Binding         Hex            0%         N/A       99%         3
 Vampiric Draining        Necr           0%         2d6       99%         3
 Volatile Blastmotes      Fire/Tloc      0%         2d10      99%         3
 Dimensional Bullseye     Hex/Tloc       0%         N/A       100%        4
 Flame Wave               Conj/Fire      0%         2d4       100%        4
 Fulminant Prism          Conj/Alch      0%         3d5       100%        4
 Iskenderun's Mystic Bla  Conj/Tloc      0%         2d3       100%        4
 Passage of Golubria      Tloc           0%         N/A       100%        4
 Curse of Agony           Necr           0%         N/A       100%        5
 Lee's Rapid Deconstruct  Erth           0%         3d4*      100%        5
 Yara's Violent Unravell  Hex/Alch       0%         3d3       100%        5
 Call Canine Familiar     Summ           Unusable   N/A       N/A         3
 Tukima's Dance           Hex            Unusable   N/A       N/A         3
 Animate Armour           Summ/Erth      Unusable   N/A       N/A         4
 Martyr's Knell           Necr/Summ      Unusable   N/A       N/A         4
 Summon Lightning Spire   Summ/Air       Unusable   N/A       N/A         4

Dungeon Overview and Level Annotations

Branches:
Dungeon (12/15)            Temple (1/1) D:4            Lair (1/5) D:9
    Orc (0/2) D:9          Bailey (visited)           IceCv (1/1)

Altars:
Ashenzari
Cheibriados
Dithmenos
Elyvilon
Fedhas
Gozag
Hepliaklqana
Kikubaaqudgha
Makhleb
Nemelex Xobeh
Okawaru
Qazlal
Ru
Sif Muna
Trog
Uskayaw
Vehumet
Wu Jian
Xom
Yredelemnul
Zin
The Shining One

Annotations:
D:12 Azrael
Lair:1 Fannar IceCv exclusion: ice statue


Innate Abilities, Weirdness & Mutations

((You are very nimble when in or above water. (Stealth+, EV+, Speed+++)))
Your lower body shifts to a powerful aquatic tail in water.


Message History

The death yak is lightly wounded.
You pummel the death yak!!
The death yak is moderately wounded.
The death yak gores you!!
You take 18 damage, and have 44/98 hp.
You hit the death yak but do no damage.
The death yak is moderately wounded.
The death yak barely misses you.
You punch the death yak!
The death yak is moderately wounded.
You barely miss the death yak.
The death yak is moderately wounded.
You block the death yak's attack.
You barely miss the death yak.
The death yak is moderately wounded.
You block the death yak's attack.
You hit the death yak but do no damage.
The death yak is moderately wounded.
You completely miss the death yak.
The death yak is moderately wounded.
The death yak gores you!!
* * * LOW HITPOINT WARNING * * *
You take 23 damage, and have 22/98 hp.
MASSIVE DAMAGE!!
You hit the death yak but do no damage.
The death yak is moderately wounded.
The death yak closely misses you.
You barely miss the death yak.
The death yak is moderately wounded.
The death yak misses you.
You hit the death yak but do no damage.
The death yak is moderately wounded.
You hit the death yak.
The death yak is moderately wounded.
The death yak gores you!!
* * * LOW HITPOINT WARNING * * *
You take 20 damage, and have 2/98 hp.
MASSIVE DAMAGE!!
You barely miss the death yak.
The death yak is moderately wounded.
The death yak gores you!
You die...

Y# .. #.##
#..# ..# ##.#
#..# ##Y##
#@#.# ###
##.## ##.###
#..# #.#..###
#..##
#..#.#.##
##..#
##.##..#.#
##.#
##..###..####
#..# #..##
##..#.##
##.## .#.#
##..#.###..#


You could see a death yak.

Vanquished Creatures
  A frost giant (IceCv)
  2 two-headed ogres (D:11)
  7 death yaks (IceCv)
  A cyclops (D:11)
  2 cane toads (Lair:1)
  5 rime drakes (IceCv)
  Jeremiah (D:7)
  A komodo dragon (D:12)
  Psyche (D:8)
  4 polar bears (IceCv)
  A merfolk (D:11)
  A troll (D:10)
  A hornet (D:7)
  A vampire (D:10)
  27 yaks
  A wraith (D:11)
  2 wyverns
  A fire elemental (D:12)
  Grum (D:8)
  A steam dragon (D:8)
  An acid dragon (D:11)
  2 water moccasins
  3 black bears
  6 orc warriors
  4 sky beasts
  An ice beast (D:5)
  14 wolves
  An ogre (D:6)
  4 centaurs
  5 kobold brigands
  A phantom (D:3)
  4 bullfrogs
  2 gnoll sergeants
  3 scorpions
  16 killer bees
  A howler monkey (D:6)
  A bombardier beetle (D:4)
  5 orc priests
  A gnoll bouda (D:5)
  7 hounds
  A jelly (D:6)
  4 iguanas
  Terence (D:3)
  6 orc wizards
  Natasha (thrice) (D:3)
  9 adders
  18 gnolls
  A shadow imp (D:7)
  A white imp (D:6)
  2 ufetubi (D:6)
  4 dart slugs (D:2)
  23 orcs
  4 ball pythons
  3 endoplasms
  12 giant cockroaches (D:3)
  10 goblins
  12 hobgoblins
  8 jackals
  25 kobolds
  4 quokkas
  6 bats
  3 frilled lizards
  22 rats
326 creatures vanquished.

Vanquished Creatures (others)
  A wolf (IceCv)
1 creature vanquished.

Grand Total: 327 creatures vanquished

Notes
Turn   | Place    | Note
-------+----------+-------------------------------------------
     0 | D:1      | jasper the Merfolk Shapeshifter began the quest for the
                  | Orb.
     0 | D:1      | Reached XP level 1. HP: 15/15 MP: 1/1
   248 | D:1      | Reached XP level 2. HP: 21/21 MP: 2/2
   267 | D:1      | Reached skill level 4 in Unarmed Combat
   512 | D:1      | Reached XP level 3. HP: 21/26 MP: 3/3
  1121 | D:2      | Reached skill level 5 in Unarmed Combat
  1220 | D:2      | Identified the +5 scale mail of the Bull {rC+ Dex+3}
  1322 | D:2      | Reached XP level 4. HP: 30/32 MP: 4/4
  1833 | D:3      | Reached XP level 5. HP: 37/37 MP: 5/5
  1837 | D:3      | Noticed Natasha
  1842 | D:3      | Killed Natasha
  1843 | D:3      | Reached skill level 5 in Dodging
  1980 | D:3      | Found an ornate altar of the Wu Jian Council.
  2009 | D:3      | Noticed Terence
  2018 | D:3      | Killed Terence
  2050 | D:3      | Identified the +8 hand axe of Acoudias {protect, rN+ Str+2}
  2157 | D:3      | Noticed Natasha
  2161 | D:3      | Killed Natasha
  2230 | D:3      | Reached XP level 6. HP: 47/47 MP: 6/6
  2235 | D:3      | Noticed Natasha
  2247 | D:3      | Killed Natasha
  2551 | D:4      | Reached skill level 5 in Fighting
  2785 | D:4      | Found a shadowy altar of Dithmenos.
  2840 | D:4      | Found a staircase to the Ecumenical Temple.
  2853 | Temple   | Entered the Ecumenical Temple
  2902 | Temple   | Became a worshipper of Warmaster Okawaru
  2995 | D:4      | Found a hazy altar of Hepliaklqana.
  2995 | D:4      | Found a hide-covered altar of Uskayaw.
  2996 | D:4      | Found a burning altar of Makhleb.
  3047 | D:4      | Found a glowing golden altar of the Shining One.
  3087 | D:4      | Reached XP level 7. HP: 56/56 MP: 7/7
  3676 | D:5      | Entered Level 5 of the Dungeon
  3709 | D:5      | Reached skill level 6 in Unarmed Combat
  4328 | D:5      | Reached skill level 7 in Unarmed Combat
  4483 | D:5      | Reached * piety under Okawaru
  4868 | D:6      | Reached XP level 8. HP: 58/62 MP: 8/8
  4919 | D:6      | Reached skill level 8 in Unarmed Combat
  4974 | D:6      | Reached skill level 9 in Unarmed Combat
  5133 | D:6      | Identified the +1 spear of Laceration {flame, rElec rF+
                  | rN+}
  5154 | D:6      | Reached ** piety under Okawaru
  5155 | D:6      | Reached skill level 10 in Unarmed Combat
  5266 | D:6      | Found a shimmering altar of Xom.
  5580 | D:6      | Identified the +1 robe of Apathy {rElec}
  5670 | D:6      | Reached XP level 9. HP: 68/68 MP: 9/9
  5997 | D:6      | Identified a scroll of acquirement
  5997 | D:6      | Acquired 1014 gold pieces
  6125 | D:7      | Noticed Jeremiah
  6504 | D:8      | Noticed Psyche
  6513 | D:8      | Killed Psyche
  6604 | D:8      | Reached *** piety under Okawaru
  6740 | D:8      | Reached skill level 10 in Dodging
  6956 | D:8      | Noticed Grum
  6975 | D:8      | Killed Grum
  7009 | D:8      | Reached **** piety under Okawaru
  7018 | D:8      | Reached XP level 10. HP: 62/80 MP: 10/10
  7228 | D:8      | Reached ***** piety under Okawaru
  7566 | D:8      | Found a radiant altar of Vehumet.
  7723 | D:9      | Reached skill level 10 in Fighting
  7903 | D:9      | Reached skill level 1 in Invocations
  7908 | D:9      | Identified the +6 scale mail "Beeta" {Int+6}
  7949 | D:9      | Found a staircase to the Lair.
  8037 | D:9      | Received a gift from Okawaru
  8391 | D:9      | Reached skill level 5 in Invocations
  8461 | D:9      | Found a staircase to the Orcish Mines.
  8576 | D:10     | Entered Level 10 of the Dungeon
  8823 | D:10     | Found a flagged portal.
  8839 | D:10     | Reached XP level 11. HP: 92/92 MP: 16/16
  8849 | D:10     | Received a gift from Okawaru
  8882 | Bailey   | Entered a bailey
  8937 | Bailey   | Reached skill level 1 in Throwing
  9031 | Bailey   | Got the Compendium of Potent Graupel
  9221 | D:10     | Found a sparkling altar of Nemelex Xobeh.
  9312 | D:10     | Identified the +1 whip of Centiem {pain, +Blink Dex+6}
  9655 | D:11     | Noticed a cyclops
  9666 | D:11     | Killed a cyclops
 10150 | D:11     | Noticed a two-headed ogre
 10167 | D:11     | Killed a two-headed ogre
 10167 | D:11     | Received a gift from Okawaru
 10168 | D:11     | Reached skill level 5 in Throwing
 10767 | D:11     | Found a radiant altar of Vehumet.
 10991 | D:11     | Noticed a two-headed ogre
 11000 | D:11     | Killed a two-headed ogre
 11001 | D:11     | Reached skill level 11 in Unarmed Combat
 11405 | D:12     | Noticed Azrael
 11621 | D:7      | Found a white marble altar of Elyvilon.
 11789 | D:7      | Killed Jeremiah
 11790 | D:7      | Reached skill level 12 in Unarmed Combat
 12202 | Lair:1   | Entered Level 1 of the Lair of Beasts
 12336 | Lair:1   | Received a gift from Okawaru
 12419 | Lair:1   | Noticed Fannar
 12420 | Lair:1   | Reached XP level 12. HP: 87/98 MP: 18/18
 12427 | Lair:1   | Found a frozen archway.
 12436 | IceCv    | Entered an ice cave
 12627 | IceCv    | Reached skill level 13 in Unarmed Combat
 12629 | IceCv    | Noticed a death yak
 12653 | IceCv    | Killed a death yak
 12791 | IceCv    | Reached skill level 14 in Unarmed Combat
 12955 | IceCv    | Noticed a death yak
 12955 | IceCv    | Noticed a death yak
 12960 | IceCv    | Noticed a death yak
 12961 | IceCv    | Noticed a death yak
 12976 | IceCv    | Killed a death yak
 12981 | IceCv    | Killed a death yak
 12987 | IceCv    | Killed a death yak
 12997 | IceCv    | Killed a death yak
 13103 | IceCv    | Noticed a death yak
 13104 | IceCv    | Reached skill level 15 in Unarmed Combat
 13122 | IceCv    | Killed a death yak
 13123 | IceCv    | Noticed a frost giant
 13137 | IceCv    | Killed a frost giant
 13317 | IceCv    | Found the +8 frozen axe "Frostbite" {freeze, freezing
                  | cloud, *Noise Fly rC+}
 13417 | IceCv    | Noticed a death yak
 13429 | IceCv    | Noticed a death yak
 13442 | IceCv    | Killed a death yak
 13442 | IceCv    | Received a gift from Okawaru
 13443 | IceCv    | Reached skill level 16 in Unarmed Combat
 13456 | IceCv    | HP: 2/98 [death yak (21)]
 13457 | IceCv    | Mangled by a death yak

Illustrated notes

Levels and vault maps discovered:
D:1:      ncdulo_watergridlock, layout_loops_corners, serial_forest,
          infiniplex_forest_clump_small, infiniplex_forest_end_3,
          infiniplex_forest_lined_2, infiniplex_forest_lined_1,
          infiniplex_forest_lined_ring
D:2:      layout_loops_ring, hangedman_glass_teeth, kennysheep_generic_room_11
D:3:      minmay_roachtagon, layout_rooms, pdpol_wu_jian_five_deadly_venoms,
          uniq_terence, uniq_natasha
D:4:      layout_loops_corners, kennysheep_little_box, lemuel_doored_altar,
          chequers_temple_overflow_statue_of_worship, minmay_temple_entry_grid,
          minmay_rat_hole
D:5:      layout_basic
D:6:      layout_basic, old_standard_altar
D:7:      layout_loops_cross, mainiacjoe_overflow_alcove_1, uniq_jeremiah
D:8:      layout_basic, kennysheep_mini, st_stairs_7, uniq_grum, uniq_psyche
D:9:      layout_loops_ring, lair_entry_dummy, st_stairs_5
D:10:     layout_loops_ring, nemelex_xobeh_ov_fountains_minmay, enter_bailey_5
D:11:     layout_roguey, roadster_trireme
D:12:     layout_basic, gammafunk_ghost_necromancy,
          hangedman_abyss_or_decor_jellyfish_corner, uniq_azrael
Temple:   minmay_temple_forest_path
Lair:1:   layout_chaotic_city, portal_ice_cave_entry_pillars_2, uniq_joseph,
          uniq_fannar
IceCv:    ice_cave_small_giant

Skill      XL: |  1  2  3  4  5  6  7  8  9 10 11 12 |
---------------+-------------------------------------+-----
Unarmed Combat | 4 5 7 10 12 16 | 16.0
Dodging        | 3 4 5 7 10 | 10.4
Fighting       | 3 5 8 10 | 10.5
Invocations    | 7 8 |  8.1
Throwing       | 5 |  5.3
Shapeshifting  | |  4.0

Action                     |  1- 3 |  4- 6 |  7- 9 | 10-12 || total
---------------------------+-------+-------+-------+-------++-------
  Melee: Unarmed           |   115 |   194 |   372 |   693 ||  1374
         Punch             |     3 |     9 |    18 |    25 ||    55
         Tailslap          |       |       |       |     3 ||     3
  Throw: Stone             |     3 |     3 |       |     4 ||    10
         Boomerang         |       |       |       |    35 ||    35
         Javelin           |       |       |       |     1 ||     1
 Invoke: Heroism           |       |       |     5 |    11 ||    16
         Finesse           |       |       |       |     5 ||     5
Ability: Begin Untransform |       |     1 |       |       ||     1
    Use: Scroll            |     3 |     6 |     4 |    10 ||    23
         Potion            |       |     1 |     3 |     4 ||     8
   Stab: Invisible         |       |       |     3 |       ||     3
 Armour: Animal skin       |    26 |       |       |       ||    26
         Ring mail         |    28 |       |       |       ||    28
         Scale mail        |     7 |   107 |   181 |   308 ||   603
         Skin              |       |     3 |       |       ||     3
  Dodge: Dodged            |    66 |    97 |   222 |   425 ||   810
  Block: Buckler           |       |       |       |    85 ||    85
         Form:             |     1 |       |       |       ||     1
         Beast             |     1 |       |       |       ||     1

Table legend: (Time is in decaauts)
 A = Elapsed time spent in this place.
 B = Non-inter-level travel time spent in this place.
 C = Inter-level travel time spent in this place.
 D = Time resting spent in this place.
 E = Time spent auto-exploring this place.
 F = Levels seen in this place.
 G = Mean time per level.
                   A        B        C        D        E       F      G
               +--------+--------+--------+--------+--------+-----+--------+
         Total |  13170 |  12659 |    511 |    426 |   9712 |  16 |  823.1 |
       Dungeon |  11727 |  11312 |    415 |    383 |   8788 |  12 |  977.2 |
        Temple |    103 |      7 |     96 |      0 |      0 |   1 |  103.0 |
          Lair |    230 |    230 |      0 |     38 |    141 |   1 |  230.0 |
        Bailey |    182 |    182 |      0 |      0 |     86 |   1 |  182.0 |
      Ice Cave |    927 |    927 |      0 |      5 |    696 |   1 |  927.0 |
               +--------+--------+--------+--------+--------+-----+--------+

Top non-repeatable levels by time:
    D:11: 1518 daAuts
     D:6: 1420 daAuts
     D:8: 1196 daAuts
     D:4: 1128 daAuts
     D:5: 1127 daAuts
     D:1: 1038 daAuts
    D:10: 937 daAuts
   IceCv: 927 daAuts
     D:7: 911 daAuts
     D:9: 882 daAuts
     D:2: 737 daAuts
     D:3: 635 daAuts
  Lair:1: 230 daAuts
    D:12: 191 daAuts
  Bailey: 182 daAuts
